 Dungeon Crawl Stone Soup version 0.27.1 (webtiles) character file.

Game seed: 13526035435963846159

553 funkygono the Firebug (level 7, -4/37 HPs)
             Began as a Gargoyle Fire Elementalist on Aug 23, 2021.
             Slain by Edmund (7 damage)
             ... on level 4 of the Dungeon.
             The game lasted 00:12:33 (4397 turns).

funkygono the Firebug (Gargoyle Fire Elementalist)  Turns: 4397, Time: 00:12:33

Health: -4/37      AC:  7    Str: 12    XL:     7   Next: 29%
Magic:  1/13       EV: 12    Int: 23    God:
Gold:   243        SH:  0    Dex: 10    Spells: 6/14 levels left

rFire    . . .     SeeInvis .   q - +0 flail
rCold    . . .     Faith    .   (no shield)
rNeg     + . .     Spirit   .   a - +0 robe
rPois    ∞         Reflect  .   (no helmet)
rElec    +         Harm     .   (no cloak)
rCorr    .         Rampage  .   p - +0 pair of gloves
Will     .....                  (no boots)
Stlth    ++........             o - amulet of regeneration
HPRegen  1.12/turn              m - +6 ring of intelligence
MPRegen  0.13/turn              (no ring)

@: no status effects
A: sickness immunity, AC +4, negative energy resistance 1, electricity
resistance, torment resistance 1, petrification resistance
a: no special abilities


You were on level 4 of the Dungeon.
You visited 1 branch of the dungeon, and saw 4 of its levels.
You also visited: Sewer.

You collected 243 gold pieces.

Inventory:

Hand Weapons
 j - a +1 club
 q - a +0 flail (weapon)
Missiles
 f - 84 stones
Armour
 a - a +0 robe (worn)
 d - a +0 leather armour
 k - a +1 leather armour of fire resistance
 p - a +0 pair of gloves (worn)
 A - a +0 kite shield
 B - the +0 robe of Untruth {-Cast Rampage +Inv Regen+}
   (You found it on level 4 of the Dungeon)

   +Inv:      It lets you turn invisible.
   -Cast:     It prevents spellcasting.
   Regen:     It increases your rate of health regeneration.
   Rampage:   It bestows one free step when moving towards enemies.
Jewellery
 m - a +6 ring of intelligence (left hand)
 o - an amulet of regeneration (around neck)
Wands
 s - a wand of flame (15)
 t - a wand of charming (12)
Scrolls
 g - a scroll of identify
 l - 2 scrolls of enchant weapon
 n - a scroll of teleportation
 y - a scroll of enchant armour
 C - a scroll of immolation {unknown}
 D - a scroll of fear {unknown}
Potions
 b - a potion of berserk rage {unknown}
 c - 2 potions of attraction
 e - a potion of brilliance {unknown}
 h - a potion of might {unknown}
 i - a potion of flight {unknown}
 r - a potion of resistance {unknown}
 u - a potion of mutation {unknown}
 v - a potion of magic {unknown}
 w - a potion of cancellation {unknown}
 x - 2 potions of invisibility {unknown}
 z - a potion of heal wounds {unknown}


   Skills:
 + Level 0.9 Fighting
 + Level 1.2 Maces & Flails
 + Level 2.0 Dodging
 - Level 2.1 Stealth
 * Level 4.3 Spellcasting
 * Level 4.3 Conjurations
 * Level 4.9 Fire Magic


You had 6 spell levels left.
You knew the following spells:

 Your Spells              Type           Power      Damage    Failure   Level
a - Foxfire               Conj/Fire      100%       2x1d9     1%          1
b - Conjure Flame         Conj/Fire      26%        6-21      4%          3
c - Sticky Flame          Conj/Fire      26%        2d5       16%         4

Your spell library contained the following spells:

 Spells                   Type           Power      Damage    Failure   Level
 Freeze                   Ice            20%        1d4       10%         1
 Sting                    Tmut/Pois      20%        1d4       10%         1
 Inner Flame              Hex/Fire       16%        N/A       11%         3
 Poisonous Vapours        Pois/Air       10%        N/A       16%         2
 Frozen Ramparts          Ice            10%        1d3       30%         3
 Ozocubu's Armour         Ice            5%         N/A       30%         3
 Hailstorm                Conj/Ice       14%        3d5       38%         4
 Fireball                 Conj/Fire      13%        3d7       38%         5
 Olgreb's Toxic Radiance  Pois           5%         N/A       69%         4
 Ozocubu's Refrigeration  Ice            2%         4d5       100%        7


Dungeon Overview and Level Annotations

Branches:
Dungeon (4/15)              Sewer (visited)
 Temple: D:4-7

Altars:

Annotations:
D:4 Edmund


Innate Abilities, Weirdness & Mutations

You are immune to sickness and miasma.
Your stone body is resilient. (AC +4)
You are immune to poison.
You resist negative energy. (rN+)
You are resistant to electric shocks. (rElec)
You are resistant to unholy torment.
You are immune to petrification.


Message History

Edmund hits you with a +0 flail of protection.
You hit Edmund.
Edmund is severely wounded.
Edmund hits you but does no damage.
You barely miss Edmund.
Edmund is severely wounded.
Edmund barely misses you. Edmund misses you.
You barely miss Edmund.
Edmund is severely wounded.
Edmund misses you.
You hit Edmund but do no damage.
Edmund is severely wounded.
Edmund hits you but does no damage. x2
Casting: Foxfire (safe; 1% risk of failure)
Confirm with . or Enter, or press ? or * to list all spells.
You conjure some foxfire!
Edmund barely misses you.
You hit Edmund.
Edmund is severely wounded.
The foxfire hits Edmund but does no damage.
Edmund is severely wounded.
The foxfire hits Edmund but does no damage.
Edmund is severely wounded.
Edmund hits you but does no damage.
You hit Edmund but do no damage.
Edmund is severely wounded.
Edmund hits you with a +0 flail of protection.
You hit Edmund but do no damage.
Edmund is severely wounded.
Edmund hits you with a +0 flail of protection. x2
You hit Edmund but do no damage.
Edmund is severely wounded.
Edmund hits you with a +0 flail of protection.
* * * LOW HITPOINT WARNING * * *
You barely miss Edmund.
Edmund is severely wounded.
Edmund hits you with a +0 flail of protection!
* * * LOW HITPOINT WARNING * * *
Unknown command.
Edmund hits you with a +0 flail of protection!
You die...

#########
###############.......#
##.....................#
#..################....#
#..# .....# #PP..# #..#.
.... #PP..#
#..#..######.### #PP..#
#..#.........#)## ##..#
#..##.....@@....#.. #..#
#..#................#..#
#..#######..#########..#
#......................#
#.####..#..........###.#
#..................# #.####
#########..........###.....
#................##
#..........######..


You could see Edmund.

Vanquished Creatures
  Purgy (Sewer)
  A centaur (D:4)
  A phantom (D:4)
  A jelly (D:4)
  2 iguanas
  4 gnolls (D:4)
  9 adders
  2 river rats (D:4)
  A worm (D:3)
  3 dart slugs
  3 orcs (D:3)
  10 ball pythons
  6 endoplasms
  3 giant cockroaches
  5 goblins
  6 hobgoblins
  2 jackals (D:3)
  4 quokkas
  7 bats
  7 frilled lizards
  5 kobolds
  9 rats
92 creatures vanquished.

Vanquished Creatures (others)
  311 foxfires
  4 toadstools (D:1)
315 creatures vanquished.

Grand Total: 407 creatures vanquished

Notes
Turn   | Place    | Note
-------+----------+-------------------------------------------
     0 | D:1      | funkygono the Gargoyle Fire Elementalist began the quest
                  | for the Orb.
     0 | D:1      | Reached XP level 1. HP: 10/10 MP: 3/3
   418 | D:1      | Reached XP level 2. HP: 15/15 MP: 3/5
  1258 | D:2      | Reached XP level 3. HP: 19/19 MP: 3/6
  1748 | D:2      | Reached XP level 4. HP: 24/24 MP: 5/8
  1752 | D:2      | Learned a level 3 spell: Conjure Flame
  2083 | D:2      | Found a faded altar of an unknown god.
  2838 | D:3      | Reached XP level 5. HP: 21/28 MP: 6/9
  2878 | D:3      | Learned a level 4 spell: Sticky Flame
  3532 | D:4      | Reached XP level 6. HP: 27/32 MP: 7/11
  3540 | D:4      | Found a glowing drain.
  3587 | Sewer    | Entered a sewer
  3657 | Sewer    | Noticed Purgy
  3661 | Sewer    | Killed Purgy
  3662 | Sewer    | Reached skill level 1 in Maces & Flails
  3936 | D:4      | Reached XP level 7. HP: 34/37 MP: 5/13
  4047 | D:4      | Identified the +0 robe of Untruth {-Cast Rampage +Inv
                  | Regen+}
  4366 | D:4      | Noticed Edmund
  4396 | D:4      | HP: 1/37 [Edmund (9)]
  4397 | D:4      | Slain by Edmund

Illustrated notes

Levels and vault maps discovered:
D:1:      ldierk_water_garden, layout_basic
D:2:      minmay_chambers_of_twos, layout_loops_ring,
          hellmonk_ecumenical_altar_leap_of_faith, minmay_pentomino_pile
D:3:      layout_loops_ring
D:4:      layout_rooms, portal_sewer_entry_c, sigmund_edmund_badplayer

Skill      XL: |  1  2  3  4  5  6 |
---------------+-------------------+-----
Conjurations   | 2 3 4 |  4.3
Fire Magic     | 4 |  4.9
Spellcasting   | 3 4 |  4.3
Maces & Flails | 1 |  1.2
Dodging        | 2 |  2.0
Fighting       | |  0.9
Stealth        | |  2.1

Action                   |  1- 3 |  4- 6 |  7- 9 || total
-------------------------+-------+-------+-------++-------
Melee: Club              |    18 |     6 |       ||    24
       Unarmed           |     1 |       |       ||     1
       Flail             |       |    16 |    11 ||    27
 Cast: Foxfire           |    53 |   102 |    29 ||   184
  Use: Scroll            |     2 |     4 |       ||     6
Armor: Robe              |    16 |    12 |     7 ||    35
Dodge: Dodged            |    34 |    42 |     9 ||    85
